AoeStats
← thunder bun

Arabia

505934194Analyzed
1v1 RM · 19d ago on Sep 11, 2026· 35m 14s· 2 players
Game mode
Random Map
Map size
Tiny (2 player)
Population
200
Speed
Normal
Resources
Standard
Victory
Conquest
Starting age
Dark Age
Ending age
Imperial Age
RankedLock teamsTeams togetherTeam positionsShared explorationLock speedFull tech treeHidden civsTurbo modeCheats
Victory
Defeat
🇹🇷 Khmer · Türkiye
2118
+19
🇹🇼 Dravidians · Taiwan
2187
-19
Patoshiq
4:59 Loom
5:15 Loom
8:24 Feudal Age
9:00 Double-Bit Axe
10:41 Fletching
13:58 Padded Archer Armor
19:31 Castle Age
17:36 Horse Collar
20:09 Bodkin Arrow
20:43 Bow Saw
20:02 Crossbowman
21:31 Gold Mining
25:09 Ballistics
27:04 Husbandry
26:24 Light Cavalry
28:22 Scale Barding Armor
29:54 Town Watch
34:35 Chain Barding Armor
thunder bun
6:43 Loom
8:57 Feudal Age
9:17 Man-at-Arms
13:50 Fletching
15:22 Padded Archer Armor
16:07 Double-Bit Axe
23:45 Castle Age
22:49 Scale Mail Armor
23:53 Gold Mining
24:05 Elite Skirmisher
24:51 Bodkin Arrow
26:30 Pikeman
34:41 Squires
Connection lost

Rejoining the realm…

Still unreachable

The connection could not be restored.

Session expired

The server has moved on; the page needs a fresh start.